 Dungeon Crawl Stone Soup version 0.29-a0-676-ga64570c9d2 (webtiles) character file.

Game seed: 15119226867575489621

40 Zonian the Chiller (level 3, 0/16 HPs)
             Began as a Vine Stalker Ice Elementalist on June 24, 2022.
             Succumbed to Terence's poison
             ... on level 2 of the Dungeon.
             The game lasted 00:02:23 (2440 turns).

Zonian the Chiller (Vine Stalker Ice Elementalist)  Turns: 2440, Time: 00:02:24

Health: 0/16       AC:  3    Str: 10    XL:     3   Next: 50%
Magic:  8/8        EV: 12    Int: 15    God:
Gold:   48         SH:  0    Dex: 16    Spells: 6/7 levels left

rFire   . . .      SeeInvis .   e - +0 dagger
rCold   . . .      Faith    .   (no shield)
rNeg    . . .      Spirit   +   a - +0 robe
rPois   .          Reflect  .   (no helmet)
rElec   .          Harm     .   (no cloak)
rCorr   .          Rampage  .   (no gloves)
Will    .....                   l - +0 pair of boots
Stlth   ++........              (no amulet)
HPRegen 0.05/turn               (no ring)
MPRegen 0.11/turn               (no ring)

@: lethally poisoned (0 -> -11)
A: fangs 2, magic shield, antimagic bite, no potion heal 2
a: no special abilities


You were on level 2 of the Dungeon.
You visited 1 branch of the dungeon, and saw 2 of its levels.

You collected 48 gold pieces.

Inventory:

Hand Weapons
 e - a +0 dagger (weapon)
Missiles
 c - a throwing net
 f - 6 javelins
Armour
 a - a +0 robe (worn)
 l - a +0 pair of boots (worn)
Magical Staves
 h - a staff of death
Scrolls
 j - a scroll of torment {unknown}
 m - a scroll of amnesia {unknown}
Potions
 d - a potion of curing {unknown}
 g - a potion of heal wounds {unknown}
 i - a potion of haste {unknown}
 k - a potion of invisibility {unknown}


   Skills:
 + Level 2.0 Dodging
 + Level 3.2 Stealth
 + Level 2.7 Spellcasting
 + Level 4.3 Ice Magic


You had 6 spell levels left.
You knew the following spells:

 Your Spells              Type           Power      Damage    Failure   Level
a - Freeze                Ice            60%        1d8       3%          1

Your spell library contained the following spells:

 Spells                   Type           Power      Damage    Failure   Level
 Frozen Ramparts          Ice            30%        1d5       11%         3
 Ozocubu's Armour         Ice            15%        N/A       11%         3
 Tukima's Dance           Hex            2%         N/A       52%         3
 Hailstorm                Conj/Ice       8%         3d4       63%         4
 Passage of Golubria      Tloc           2%         N/A       90%         4
 Yara's Violent Unravell  Hex/Tmut       1%         3d3       99%         5


Dungeon Overview and Level Annotations

Branches:
Dungeon (2/15)

Altars:

Annotations:
D:2 Terence


Innate Abilities, Weirdness & Mutations

You have extremely sharp teeth.
When hurt, damage is shared between your health and your magic reserves.
Your bite disrupts and absorbs the magic of your enemies.
Potions cannot restore your health.


Message History

You see here a quokka corpse.
You freeze the rat.
You kill the rat!
You can't see any susceptible monsters within range! (Use Z to cast anyway.) Unknown command.
You see here a rat corpse.
You hit the dart slug.
You bite the dart slug, but do no damage.
The dart slug is lightly wounded.
The dart slug bites you but does no damage.
You freeze the dart slug.
The dart slug is severely wounded.
You freeze the dart slug.
You kill the dart slug!
You freeze the rat.
You kill the rat!
Terence the Incautious comes into view.
He is wielding a +4 short sword of venom.
Found a scroll labelled QOYSUD DAATRA.
Terence is nearby!
Unknown command.
Found a shiny orb.
Terence hits you with a +4 short sword of venom.
You are poisoned.
Casting: Freeze (safe; 3% risk of failure)
Confirm with . or Enter, or press ? or * to list all spells.
Aiming: Freeze (safe; 3% risk of failure)
Press: ? - help, Shift-Dir - straight line, f - Terence
Aim: Terence, wielding a +4 short sword of venom and wearing a +0 chain mail You freeze Terence.
Terence is lightly wounded.
You feel sick.
Terence hits you with a +4 short sword of venom.
You are lethally poisoned!
Magic courses through your body.
* * * LOW HITPOINT WARNING * * *
You feel very sick. Terence completely misses you.
Unknown command.
It was a potion of cancellation.
You feel magically purged.
You die...

##### ##... .?. #@#
.##.##@##########
.................#######
..##....########.....††.
#..#### ######### #.[
... . .## #. #.. ...


You could see Terence.

Vanquished Creatures
  An adder (D:2)
  3 dart slugs
  5 ball pythons (D:1)
  An endoplasm (D:1)
  A giant cockroach (D:1)
  A goblin (D:1)
  A hobgoblin (D:1)
  3 quokkas
  4 bats (D:1)
  2 kobolds (D:1)
  6 rats
28 creatures vanquished.

Notes
Turn   | Place    | Note
-------+----------+-------------------------------------------
     0 | D:1      | Zonian the Vine Stalker Ice Elementalist began the quest
                  | for the Orb.
     0 | D:1      | Reached XP level 1. HP: 9/9 MP: 4/4
   419 | D:1      | Reached XP level 2. HP: 2/13 MP: 3/6
  1910 | D:1      | Reached XP level 3. HP: 16/16 MP: 5/7
  2436 | D:2      | Noticed Terence
  2440 | D:2      | Succumbed to Terence's poison

Illustrated notes

Levels and vault maps discovered:
D:1:      dpeg_arrival_castle, layout_basic
D:2:      layout_rooms, shapermc_ecumenical_altar_notcrosses, minmay_circle_x,
          uniq_natasha, uniq_terence

Skill      XL: |  1  2  3 |
---------------+----------+-----
Stealth        | 3 |  3.2
Dodging        | 2 |  2.0
Spellcasting   | |  2.7
Ice Magic      | |  4.3

Action                   || total
-------------------------++-------
Melee: Unarmed           ||    18
       Bite              ||    12
       Dagger            ||    24
       Punch             ||     1
 Cast: Freeze            ||    21
  Use: Potion            ||     2
 Stab: Sleeping          ||     3
Armor: Robe              ||    12
Dodge: Dodged            ||    38

Table legend: (Time is in decaauts)
 A = Elapsed time spent in this place.
 B = Non-inter-level travel time spent in this place.
 C = Inter-level travel time spent in this place.
 D = Time resting spent in this place.
 E = Time spent auto-exploring this place.
 F = Levels seen in this place.
 G = Mean time per level.
                   A        B        C        D        E       F      G
               +--------+--------+--------+--------+--------+-----+--------+
         Total |   2442 |   2405 |     37 |   1158 |    943 |   2 | 1221.0 |
       Dungeon |   2442 |   2405 |     37 |   1158 |    943 |   2 | 1221.0 |
               +--------+--------+--------+--------+--------+-----+--------+

Top non-repeatable levels by time:
     D:1: 2111 daAuts
     D:2: 331 daAuts
